 Dungeon Crawl Stone Soup version 0.19.5 (webtiles) character file.

152 Hybris the Skirmisher (level 5, -2/59 HPs)
             Began as an Ogre Fighter on Apr 2, 2017.
             Was an Initiate of Ru.
             Slain by an orc (5 damage)
             ... on level 3 of the Dungeon.
             The game lasted 00:04:42 (2389 turns).

Hybris the Skirmisher (Ogre Fighter)                Turns: 2389, Time: 00:04:43

Health: -2/59      AC:  3    Str: 22    XL:     5   Next: 34%
Magic:  5/5        EV:  8    Int:  7    God:    Ru [......]
Gold:   101        SH:  8    Dex:  9    Spells: 0 memorised, 4 levels left

rFire  . . .     SeeInvis .     a - +0 flail
rCold  . . .     Gourm    .     b - +0 robe
rNeg   . . .     Faith    .     c - +0 shield
rPois  .         Spirit   .     (helmet restricted)
rElec  .         Reflect  .     (no cloak)
rCorr  .         Harm     .     (gloves unavailable)
MR     .....                    (boots unavailable)
Stlth  +.........               (no amulet)
                                (no ring)
                                (no ring)

@: no status effects
A: unfitting armour, tough skin 1
a: Renounce Religion


You were on level 3 of the Dungeon.
You worshipped Ru.
Ru was noncommittal.
You were not hungry.

You visited 1 branch of the dungeon, and saw 3 of its levels.

You collected 101 gold pieces.

Inventory:

Hand Weapons
 a - a +0 flail (weapon)
Armour
 b - a +0 robe (worn)
 c - a +0 shield (worn)
Scrolls
 h - a scroll of teleportation {unknown}
 i - 5 scrolls of identify {unknown}
 o - a scroll of enchant weapon {unknown}
 p - a scroll of remove curse {unknown}
 s - a scroll of fog {unknown}
 t - a scroll of recharging {unknown}
Potions
 d - 2 potions of might
 e - a potion of curing {unknown}
 g - a potion of experience {unknown}
 j - 2 potions of lignification {unknown}
 k - a potion of degeneration {unknown}
 m - a potion of haste {unknown}
 n - a potion of flight {unknown}
 q - a potion of cure mutation {unknown}
Comestibles
 f - 4 bread rations
 l - 2 chunks of flesh
 r - a meat ration


   Skills:
 + Level 5.8 Fighting
 * Level 5.7 Maces & Flails
 - Level 2.6 Dodging
 - Level 2.6 Shields


You had 4 spell levels left.
You didn't know any spells.

Dungeon Overview and Level Annotations

Branches:
Dungeon (3/15)

Altars:
Ru
Xom


Innate Abilities, Weirdness & Mutations

You are too large for most types of armour.
You have tough skin. (AC +1)


Message History

You are too injured to fight recklessly!
You are too injured to fight recklessly!
You are too injured to fight recklessly!
You are too injured to fight recklessly!
You are too injured to fight recklessly!
You barely miss the orc priest.
The orc priest is severely wounded.
The orc priest calls down the wrath of Beogh upon you.
Beogh smites you!
* * * LOW HITPOINT WARNING * * *
You hit the orc priest.
The orc priest is severely wounded.
The orc priest calls upon Beogh to heal the orc priest.
The orc priest is healed somewhat.
You sock the orc priest!
You kill the orc priest!
The orc hits you.
* * * LOW HITPOINT WARNING * * *
You closely miss the orc. The orc hits you.
You die...

#.# . #.# ...
#.# .... #.#
..... #.#
.....g##.###
.........go#
......##.#o#
###.#.oo#@# #
#o#o#.#
#.#.#........
#...#..######
#.#.#..#
#.###..# #.
...# ## #..#
##.#


You could see an orc priest, an orc and a goblin.

Vanquished Creatures
  An orc priest (D:3)
  An adder (D:3)
  3 gnolls (D:3)
  2 worms (D:2)
  2 dart slugs (D:1)
  2 leopard geckos
  An orc (D:3)
  20 giant cockroaches
  7 goblins
  7 hobgoblins
  A quokka (D:3)
  6 bats
  4 frilled lizards
  3 kobolds (D:1)
  8 rats
68 creatures vanquished.

Vanquished Creatures (others)
  A giant cockroach (D:3)
1 creature vanquished.

Grand Total: 69 creatures vanquished

Notes
Turn   | Place    | Note
-------+----------+-------------------------------------------
     0 | D:1      | Hybris the Ogre Fighter began the quest for the Orb.
     0 | D:1      | Reached XP level 1. HP: 24/24 MP: 1/1
   159 | D:1      | Reached XP level 2. HP: 29/33 MP: 2/2
   401 | D:1      | Reached XP level 3. HP: 33/41 MP: 3/3
   558 | D:1      | Reached skill level 5 in Fighting
   972 | D:2      | Found a shimmering altar of Xom.
  1340 | D:2      | Reached XP level 4. HP: 38/50 MP: 4/4
  1914 | D:3      | Reached skill level 5 in Maces & Flails
  2266 | D:3      | Found a sacrificial altar of Ru.
  2286 | D:3      | Became a worshipper of Ru the Awakened
  2322 | D:3      | Reached XP level 5. HP: 49/58 MP: 5/5
  2389 | D:3      | Slain by an orc

Skill      XL: |  1  2  3  4 |
---------------+-------------+-----
Maces & Flails | 3 4 5 |  5.7
Fighting       | 5 |  5.8
Dodging        | |  2.6
Shields        | |  2.6

Action                   |  1- 3 |  4- 6 || total
-------------------------+-------+-------++-------
Melee: Flail             |   129 |    71 ||   200
 Stab: Sleeping          |     1 |     1 ||     2
  Eat: Chunk             |     1 |     4 ||     5
Armor: Robe              |    51 |    11 ||    62
Dodge: Dodged            |    53 |    20 ||    73
Block: Shield            |    66 |    27 ||    93
